 Dungeon Crawl Stone Soup version 0.29.1-4-g47bece8355 (webtiles) character file.

Game seed: 7073576956169120770

61 raph the Caller (level 3, 0/14 HPs)
             Began as a Felid Summoner on Dec 11, 2022.
             Shot with a sling bullet by a goblin (3 damage)
             ... led by Robin
             ... on level 3 of the Dungeon.
             The game lasted 00:03:59 (3140 turns).

raph the Caller (Felid Summoner)                    Turns: 3140, Time: 00:04:00

Health: 0/14       AC:  1    Str:  4    XL:     3   Next: 83%
Magic:  4/8        EV: 17    Int: 18    God:
Gold:   80         SH:  0    Dex: 16    Spells: 2/8 levels left
                                        Lives:  0   Deaths: 0

rFire   . . .      SeeInvis +   (weapon unavailable)
rCold   . . .      Faith    .   (shield unavailable)
rNeg    . . .      Spirit   .   (body armour unavailable)
rPois   .          Reflect  .   (helmet unavailable)
rElec   .          Harm     .   (cloak unavailable)
rCorr   .          Rampage  .   (gloves unavailable)
Will    .....                   (boots unavailable)
Stlth   ++........              (no amulet)
HPRegen 0.04/turn               (no ring)
MPRegen 0.11/turn               (no ring)

@: quick
A: very small, claws 1, fangs 3, see invisible, speed 1, shaggy fur 1, stealthy
paws, no weapons or thrown items, no armour, multi-lived
a: no special abilities


You were on level 3 of the Dungeon.
You visited 1 branch of the dungeon, and saw 3 of its levels.

You collected 80 gold pieces.

Inventory:

Scrolls
 b - a scroll of butterflies {unknown}
 o - a scroll of vulnerability
Potions
 a - a potion of magic
 c - a potion of brilliance
 e - a potion of berserk rage
 f - 2 potions of heal wounds
 h - a potion of might {unknown}
 i - a potion of mutation {unknown}
 j - a potion of degeneration {unknown}
 p - 2 potions of attraction


   Skills:
 - Level 2.6 Dodging
 - Level 2.6 Stealth
 + Level 3.1 Spellcasting
 + Level 4.8 Summonings


You had 2 spell levels left.
You knew the following spells:

 Your Spells              Type           Power      Damage    Failure   Level
a - Summon Small Mammal   Summ           80%        N/A       2%          1
b - Call Imp              Summ           20%        N/A       3%          2
c - Call Canine Familiar  Summ           20%        N/A       7%          3

Your spell library contained the following spells:

 Spells                   Type           Power      Damage    Failure   Level
 Summon Guardian Golem    Hex/Summ       11%        N/A       19%         3
 Summon Lightning Spire   Summ/Air       11%        N/A       52%         4
 Fireball                 Conj/Fire      1%         3d3       99%         5
 Iskenderun's Battlesphe  Conj           2%         2d6       99%         5
 Conjure Ball Lightning   Conj/Air       1%         3x3d6     100%        6
 Orb of Destruction       Conj           1%         9d5       100%        7


Dungeon Overview and Level Annotations

Branches:
Dungeon (3/15)

Altars:

Shops:
D:1 =


Innate Abilities, Weirdness & Mutations

You have sharp claws.
You have razor-sharp teeth.
You have supernaturally acute eyesight. (SInv)
You cover ground quickly. (Speed+)
You are covered in fur. (AC +1)
Your paws help you pounce on unaware monsters.
You are incapable of wielding weapons or throwing items.
You cannot wear armour.
You gain extra lives every three experience levels.


Message History

Your bite misses the hobgoblin. The hobgoblin hits you.
Casting: Call Imp (safe; 3% risk of failure)
Confirm with . or Enter, or press ? or * to list all spells.
A beastly little devil appears in a puff of flame.
You scratch the hobgoblin but do no damage.
You bite the hobgoblin.
The hobgoblin is lightly wounded.
The hobgoblin misses you.
A goblin comes into view. It is wielding a +0 dagger.
You completely miss the hobgoblin.
The hobgoblin is lightly wounded.
The hobgoblin hits you but does no damage.
Your crimson imp blinks!
You scratch the hobgoblin.
The hobgoblin is lightly wounded.
The hobgoblin hits you.
The goblin unwields a +0 dagger.
The goblin wields a +0 sling.
The goblin shoots a sling bullet.
The sling bullet hits you.
You are too injured to fight recklessly!
You are too injured to fight recklessly!
You are too injured to fight recklessly!
You are too injured to fight recklessly!
You are too injured to fight recklessly!
You are too injured to fight recklessly!
You are too injured to fight recklessly!
You scratch the hobgoblin but do no damage.
The hobgoblin is lightly wounded.
The hobgoblin misses you.
The goblin shoots a sling bullet.
The sling bullet closely misses you.
Your magical contamination has completely faded away.
Casting: Call Imp (safe; 3% risk of failure)
Confirm with . or Enter, or press ? or * to list all spells.
The hobgoblin hits you.
* * * LOW HITPOINT WARNING * * *
You scratch the hobgoblin.
The hobgoblin is heavily wounded.
The hobgoblin barely misses you.
The goblin shoots a sling bullet.
The sling bullet barely misses your crimson imp.
The sling bullet hits you.
You die...

#.##......#..#(.....#~**~∩*
#?##.(....#..#.###..#~*~***
#.##......#.........#~**~,~
#.#######...÷..##...#~*****
#.# ###.#..##.###*~~~~~
##'#### #.)).....# ******
#.....# #.....#########,,
#.....# ###....#.......#,,
#...[.# #@5..g.#.#####.#,,
#.....# #g#....'.#,,,..#,,
#.....# #r#....###,,....**
#.....# #.######**,.....#*
##'#### #..,,,,,,,g.....#*
#.# #..,,,,,,gg.....#* #.#
##g#*,,,gggg....#* #.#
*..,,***,,*,,,**, #.####
*##*,,,,,,*,*,**,


You could see 2 hobgoblins, a goblin, a friendly crimson imp (summoned) and a
friendly quokka (summoned).

Vanquished Creatures
  A bat (D:1)
  4 endoplasms
  A jackal (D:1)
  A quokka (D:2)
  2 rats (D:1)
9 creatures vanquished.

Vanquished Creatures (collateral kills)
  Robin (D:3)
  An adder (D:2)
  2 endoplasms
  A giant cockroach (D:2)
  5 goblins
  2 hobgoblins
  5 jackals (D:1)
  2 kobolds
  3 ball pythons
  3 bats
  4 rats
29 creatures vanquished.

Grand Total: 38 creatures vanquished

Notes
Turn   | Place    | Note
-------+----------+-------------------------------------------
     0 | D:1      | raph the Felid Summoner began the quest for the Orb.
     0 | D:1      | Reached XP level 1. HP: 7/7 MP: 4/4
   123 | D:1      | Found Ijat's Jewellery Shoppe.
   491 | D:1      | Reached XP level 2. HP: 11/11 MP: 3/6
   687 | D:1      | Found a faded altar of an unknown god.
  1106 | D:1      | Learned a level 2 spell: Call Imp
  2023 | D:2      | Reached XP level 3. HP: 14/14 MP: 2/8
  2027 | D:2      | Learned a level 3 spell: Call Canine Familiar
  3006 | D:3      | Noticed Robin
  3033 | D:3      | Killed Robin
  3140 | D:3      | Shot with a sling bullet by a goblin

Illustrated notes

Levels and vault maps discovered:
D:1:      evilmike_arrival_grusome_pit, layout_basic,
          ebering_ecumenical_altar_box, serial_shops, nicolae_shop_stone
D:2:      layout_basic
D:3:      layout_basic, gup_sewer_entry_spiral, dk_noncrumbling_3, uniq_robin

Skill      XL: |  1  2  3 |
---------------+----------+-----
Spellcasting   | 3 |  3.1
Dodging        | |  2.6
Stealth        | |  2.6
Summonings     | |  4.8

Action                   || total
-------------------------++-------
Melee: Unarmed           ||    58
       Bite              ||    10
       Punch             ||     1
 Cast: Summon Small Mamm ||    45
       Call Imp          ||    12
       Call Canine Famil ||     3
  Use: Scroll            ||    11
 Stab: Sleeping          ||     1
Armor: Skin              ||     4
Dodge: Dodged            ||    65
